 Dungeon Crawl Stone Soup version 0.21.1-1-g345015f (webtiles) character file.

3864 Solrac the Destroyer (level 9, 0/45 HPs)
             Began as a Deep Elf Fire Elementalist on Feb 20, 2018.
             Was a Follower of Vehumet.
             Slain by Autsider's ghost (3 damage)
             ... on level 8 of the Dungeon.
             The game lasted 01:06:25 (10280 turns).

Solrac the Destroyer (Deep Elf Fire Elementalist)  Turns: 10280, Time: 01:06:26

Health: 0/45       AC:  2    Str:  5    XL:     9   Next: 99%
Magic:  12/33      EV: 13    Int: 24    God:    Vehumet [*.....]
Gold:   122        SH:  0    Dex: 15    Spells: 12/27 levels left

rFire    . . .     SeeInvis .   k - +2 short sword (speed)
rCold    . . .     Gourm    .   (no shield)
rNeg     . . .     Faith    +   a - +0 robe
rPois    .         Spirit   .   (no helmet)
rElec    .         Reflect  .   (no cloak)
rCorr    +         Harm     .   (no gloves)
MR       .....                  (no boots)
Stlth    ++........             p - amulet of faith
HPRegen  0.15/turn              B - ring of magical power
MPRegen  0.23/turn              E - ring of resist corrosion

@: no status effects
A: no striking features
a: Renounce Religion


You were on level 8 of the Dungeon.
You worshipped Vehumet.
Vehumet was aware of your devotion.
You were not hungry.

You visited 2 branches of the dungeon, and saw 9 of its levels.

You collected 362 gold pieces.
You spent 240 gold pieces at shops.

Inventory:

Hand Weapons
 k - a +2 short sword of speed (weapon)
Missiles
 d - 187 stones
 j - a throwing net (quivered)
Armour
 a - a +0 robe (worn)
Jewellery
 h - an uncursed amulet of regeneration
 p - an amulet of faith (around neck)
 B - a ring of magical power (left hand)
 D - an uncursed ring of flight
 E - a ring of resist corrosion (right hand)
 I - a cursed ring of teleportation {unknown}
Wands
 x - a wand of enslavement (15)
 A - a wand of paralysis (12)
Scrolls
 f - a scroll of random uselessness {unknown}
 i - 5 scrolls of magic mapping
 n - 2 scrolls of immolation {unknown}
 r - 2 scrolls of blinking
 t - 5 scrolls of remove curse
 y - 4 scrolls of teleportation
 z - 2 scrolls of enchant armour {unknown}
 F - a scroll of holy word {unknown}
 G - a scroll of amnesia {unknown}
Potions
 e - a potion of haste {unknown}
 g - a potion of berserk rage {unknown}
 l - 3 potions of curing
 m - 5 potions of mutation
 o - a potion of agility {unknown}
 q - a potion of heal wounds
 s - 2 potions of invisibility
 u - 2 potions of magic {unknown}
 v - a potion of cancellation {unknown}
 w - a potion of brilliance {unknown}
 C - a potion of might {unknown}
 H - a potion of lignification {unknown}
Books
 b - a book of Flames

   Spells                             Type                      Level
   a - Flame Tongue                   Conjuration/Fire             1
   b - Throw Flame                    Conjuration/Fire             2
   c - Conjure Flame                  Conjuration/Fire             3
   d - Inner Flame                    Hexes/Fire                   3
   e - Sticky Flame                   Conjuration/Fire             4
   f - Fireball                       Conjuration/Fire             5
Comestibles
 c - 7 rations


   Skills:
 - Level 2.4 Dodging
 - Level 3.3 Stealth
 + Level 9.7 Spellcasting
 * Level 11.0 Conjurations
 + Level 8.5 Fire Magic


You had 12 spell levels left.
You knew the following spells:

 Your Spells              Type           Power        Failure   Level  Hunger
a - Flame Tongue          Conj/Fire      #####        1%          1    None
b - Throw Flame           Conj/Fire      ######       1%          2    None
c - Conjure Flame         Conj/Fire      ######..     1%          3    None
d - Sticky Flame          Conj/Fire      ######..     1%          4    #......
e - Fireball              Conj/Fire      ######....   2%          5    ####...


Dungeon Overview and Level Annotations

Branches:
Dungeon (8/15)             Temple (1/1) D:4
   Lair: D:8-11

Altars:
Ashenzari
Cheibriados
Dithmenos
Elyvilon
Fedhas
Gozag
Hepliaklqana
Kikubaaqudgha
Makhleb
Nemelex Xobeh
Okawaru
Qazlal
Ru
Sif Muna
Trog
Uskayaw
Vehumet
Wu Jian
Xom
Yredelemnul
Zin
The Shining One

Shops:
D:8 =

Annotations:
D:8 Autsider's ghost, novice GrFi


Message History

Autsider's ghost hits you!
Casting: Flame Tongue
Confirm with . or Enter, or press ? or * to list all spells.
Aiming: Sticky Flame
Press: ? - help, Shift-Dir - straight line, f/p - Autsider's ghost
Aim: Autsider's ghost, wielding a vorpal weapon (lightly damaged)
The sticky flame hits Autsider's ghost.
Autsider's ghost appears unharmed.
Autsider's ghost is lightly damaged.
Autsider's ghost closely misses you. Autsider's ghost hits you!
Casting: Sticky Flame
Confirm with . or Enter, or press ? or * to list all spells.
Aiming: Sticky Flame
Press: ? - help, Shift-Dir - straight line, f/p - Autsider's ghost
Aim: Autsider's ghost, wielding a vorpal weapon (lightly damaged)
The sticky flame hits Autsider's ghost.
Autsider's ghost appears unharmed.
Autsider's ghost is lightly damaged.
Autsider's ghost hits you!
* * * LOW HITPOINT WARNING * * *
You die...

#..##.######...###
#.........#......#
##.......##......#
####.)####......#
##..# #......#
##.###......#
#..##......#
##.........#
##..W@.∩...###
##..#######...####
#..## ###....###
## ##.##
####...###. ##s##
####.... ##..#
###.. ######..##
#.. #.......## #..
.....###..# #..


You could see Autsider's ghost.

Vanquished Creatures
  The ghost of Solrac the Basher, a novice MiBe of Trog (D:4)
  Sigmund (D:6)
  4 yaks (D:7)
  2 wyverns (D:8)
  An ice beast (D:8)
  A sky beast (D:7)
  3 ogres
  4 centaurs
  Blork the orc (D:4)
  2 bullfrogs (D:7)
  A gnoll sergeant (D:5)
  5 scorpions
  6 killer bees (D:8)
  4 wights (D:6)
  A howler monkey (D:6)
  A bullfrog zombie (D:5)
  2 crimson imps
  A quasit (D:7)
  A centaur skeleton (D:6)
  7 orc wizards
  A bullfrog skeleton (D:5)
  A hound (D:6)
  Terence (D:3)
  An iguana (D:8)
  A worker ant (D:8)
  A howler monkey zombie (D:5)
  7 gnolls
  11 adders
  An ooze (D:4)
  An adder zombie (D:7)
  An adder skeleton (D:5)
  5 worms
  2 dart slugs
  4 leopard geckos
  20 orcs
  7 giant cockroaches
  9 goblins
  6 hobgoblins
  7 jackals
  3 quokkas
  3 ball pythons
  9 bats
  3 frilled lizards
  A jackal skeleton (D:7)
  A jackal zombie (D:7)
  6 kobolds (D:1)
  2 leopard gecko skeletons (D:4)
  2 quokka skeletons
  13 rats
179 creatures vanquished.

Notes
Turn   | Place    | Note
-------+----------+-------------------------------------------
     0 | D:1      | Solrac the Deep Elf Fire Elementalist began the quest for the Orb.
     0 | D:1      | Reached XP level 1. HP: 10/10 MP: 6/6
   243 | D:1      | Reached XP level 2. HP: 15/15 MP: 5/8
   559 | D:1      | Learned a level 2 spell: Throw Flame
   629 | D:1      | Reached skill level 2 in Conjurations
   857 | D:1      | Reached XP level 3. HP: 19/19 MP: 7/9
  1452 | D:2      | Learned a level 3 spell: Conjure Flame
  1764 | D:2      | Reached XP level 4. HP: 24/24 MP: 6/11
  2056 | D:2      | Learned a level 4 spell: Sticky Flame
  2334 | D:2      | Reached skill level 3 in Conjurations
  3050 | D:3      | Found a shimmering altar of Xom.
  3146 | D:3      | Noticed Terence
  3263 | D:3      | Killed Terence
  3263 | D:3      | Reached XP level 5. HP: 12/28 MP: 5/13
  3528 | D:3      | Reached skill level 4 in Conjurations
  3764 | D:4      | Noticed Solrac's ghost (novice MiBe)
  3818 | D:4      | Noticed Blork the orc
  3834 | D:4      | Killed Blork the orc
  4069 | D:4      | Killed Solrac's ghost
  4069 | D:4      | Reached skill level 5 in Spellcasting
  4069 | D:4      | Reached skill level 5 in Conjurations
  4069 | D:4      | Reached skill level 5 in Fire Magic
  4069 | D:4      | Reached XP level 6. HP: 32/32 MP: 0/16
  4069 | D:4      | Reached XP level 7. HP: 36/36 MP: 0/17
  4284 | D:4      | Found a staircase to the Ecumenical Temple.
  4293 | Temple   | Entered the Ecumenical Temple
  4536 | D:4      | Reached skill level 6 in Conjurations
  4795 | D:4      | Learned a level 5 spell: Fireball
  5090 | D:5      | Entered Level 5 of the Dungeon
  5645 | D:5      | Reached skill level 7 in Conjurations
  5666 | D:5      | Reached XP level 8. HP: 41/41 MP: 5/19
  5949 | D:5      | HP: 1/41 [centaur/arrow (5)]
  6617 | D:5      | Reached skill level 8 in Conjurations
  6962 | D:6      | Noticed Sigmund
  6977 | D:6      | Killed Sigmund
  7376 | D:6      | Found a snail-covered altar of Cheibriados.
  7376 | D:6      | Found a glowing silver altar of Zin.
  7423 | D:6      | Found a hide-covered altar of Uskayaw.
  7425 | D:6      | Found an opulent altar of Gozag.
  7426 | D:6      | Found an iron altar of Okawaru.
  7656 | D:6      | Reached skill level 9 in Conjurations
  7863 | D:6      | Reached XP level 9. HP: 35/45 MP: 14/23
  8540 | D:7      | Found a radiant altar of Vehumet.
  8569 | D:7      | Became a worshipper of Vehumet
  8728 | D:7      | Reached skill level 10 in Conjurations
 10009 | D:8      | Reached * piety under Vehumet
 10009 | D:8      | Offered knowledge of Sting by Vehumet.
 10154 | D:8      | Found Huumoceacyx's Jewellery Shoppe.
 10163 | D:8      | Bought an uncursed ring of magical power for 240 gold pieces
 10261 | D:8      | Noticed Autsider's ghost (novice GrFi)
 10266 | D:8      | Reached skill level 11 in Conjurations
 10280 | D:8      | Slain by Autsider's ghost

Skill      XL: |  1  2  3  4  5  6  7  8  9 |
---------------+----------------------------+-----
Conjurations   | 2 3 5 7 9 11 | 11.0
Stealth        | 3 |  3.3
Spellcasting   | 4 5 6 8 9 |  9.7
Fire Magic     | 4 5 7 8 |  8.5
Dodging        | |  2.4

Action                   |  1- 3 |  4- 6 |  7- 9 || total
-------------------------+-------+-------+-------++-------
Melee: Short sword       |       |     2 |   111 ||   113
Throw: Stone             |     3 |     1 |       ||     4
       Throwing net      |       |       |     3 ||     3
 Cast: Flame Tongue      |    45 |    60 |   233 ||   338
       Throw Flame       |    23 |    23 |    25 ||    71
       Conjure Flame     |       |     6 |    14 ||    20
       Sticky Flame      |       |     3 |    11 ||    14
       Fireball          |       |       |    14 ||    14
  Use: Scroll            |     2 |     1 |     6 ||     9
 Stab: Held in net/web   |       |       |     2 ||     2
  Eat: Chunk             |     1 |     7 |    10 ||    18
       Ration            |     1 |       |     4 ||     5
Armor: Robe              |     3 |     1 |    12 ||    16
Dodge: Dodged            |     9 |    10 |    76 ||    95
